 Dungeon Crawl Stone Soup version 0.29-a0-584-gb10a8bf730 (webtiles) character file.

Game seed: 17930549778169400285

26 Nedwor the Poker (level 3, 0/28 HPs)
             Began as a Merfolk Gladiator on June 15, 2022.
             Slain by a goblin
             ... wielding a +1 dagger of venom
              (1 damage)
             ... on level 2 of the Dungeon.
             The game lasted 00:01:25 (1029 turns).

Nedwor the Poker (Merfolk Gladiator)                Turns: 1029, Time: 00:01:26

Health: 0/28       AC:  4    Str: 16    XL:     3   Next: 8%
Magic:  3/3        EV: 13    Int:  7    God:
Gold:   59         SH:  0    Dex: 15    Spells: 2/2 levels left

rFire   . . .      SeeInvis .   a - +0 trident
rCold   . . .      Faith    .   (no shield)
rNeg    . . .      Spirit   .   b - +0 leather armour
rPois   .          Reflect  .   c - +0 helmet
rElec   .          Harm     .   (no cloak)
rCorr   .          Rampage  .   (no gloves)
Will    .....                   (no boots)
Stlth   +.........              (no amulet)
HPRegen 0.09/turn               (no ring)
MPRegen 0.08/turn               (no ring)

@: lethally poisoned (0 -> -4)
A: (nimble swimmer 2), mertail
a: no special abilities


You were on level 2 of the Dungeon.
You visited 1 branch of the dungeon, and saw 2 of its levels.

You collected 59 gold pieces.

Inventory:

Hand Weapons
 a - a +0 trident (weapon)
Missiles
 d - 3 throwing nets (quivered)
 e - a javelin
Armour
 b - a +0 leather armour (worn)
 c - a +0 helmet (worn)
Jewellery
 h - a ring of willpower
 i - an amulet of the acrobat
Scrolls
 f - a scroll of immolation {unknown}
 j - a scroll of blinking {unknown}
 k - 2 scrolls of enchant weapon {unknown}
 l - a scroll of noise {unknown}
Potions
 g - a potion of attraction {unknown}
 m - a potion of degeneration {unknown}


   Skills:
 + Level 2.5 Fighting
 * Level 4.7 Polearms
 - Level 2.0 Throwing
 + Level 0.5 Armour
 + Level 4.3 Dodging


You had 2 spell levels left.
You didn't know any spells.
Your spell library was empty.

Dungeon Overview and Level Annotations

Branches:
Dungeon (2/15)

Altars:


Innate Abilities, Weirdness & Mutations

((You are very nimble when in or above water. (Stealth+, EV+, Speed+++)))
Your lower body shifts to a powerful aquatic tail in water.


Message History

The hobgoblin barely misses you. The goblin hits you but does no damage.
You hit the hobgoblin.
The hobgoblin is heavily wounded.
You feel sick. The hobgoblin closely misses you.
The goblin hits you but does no damage.
You are more poisoned.
You puncture the hobgoblin!
You kill the hobgoblin!
You feel very sick. The goblin hits you but does no damage.
You barely miss the goblin.
You feel sick. The goblin barely misses you.
The goblin hits you but does no damage.
You are lethally poisoned!
You are too injured to fight recklessly!
The goblin attacks as you move away! The goblin closely misses you.
Your legs become a tail as you enter the water.
You feel very sick.
You are too injured to fight recklessly!
You are too injured to fight recklessly!
You are too injured to fight recklessly!
You closely miss the goblin.
* * * LOW HITPOINT WARNING * * *
You feel very sick. The goblin closely misses you.
The goblin hits you but does no damage.
You hit the goblin. You tail-slap the goblin.
The goblin is severely wounded.
* * * LOW HITPOINT WARNING * * *
You feel sick. The goblin closely misses you.
The goblin hits you but does no damage.
You barely miss the goblin. You tail-slap the goblin.
You kill the goblin!
* * * LOW HITPOINT WARNING * * *
You feel sick. The goblin completely misses you.
* * * LOW HITPOINT WARNING * * *
You feel sick. The goblin misses you.
You see here a +0 dagger.
* * * LOW HITPOINT WARNING * * *
You feel sick.
The goblin hits you with a +1 dagger of venom.
You die...

#....## .##.#..# .....#
..#.#...## #.#..#
#.....#.!# #.#..#
##.##..#..# #....#
##..#...#..# #.##.#
##.........#
#.##.###......≈..# ≈
#...)...>.#..≈.≈.## .≈≈
..##.###.##..≈≈.@.#≈..≈≈
..##..##.##....g)...≈.≈≈
#.###.#..##.##.≈##.≈≈≈≈≈
#.# #...###.##### .≈≈≈≈≈
#.# ##..# #.. .≈.≈≈ #.#
#..# ### ..≈≈. #. #..#
..≈≈ #..# ..≈≈ #..#


You could see a goblin.

Vanquished Creatures
  A dart slug (D:1)
  2 bats (D:1)
  4 endoplasms
  3 goblins (D:2)
  2 hobgoblins
  2 quokkas
  3 ball pythons
  A frilled lizard (D:1)
  3 kobolds (D:1)
21 creatures vanquished.

Notes
Turn   | Place    | Note
-------+----------+-------------------------------------------
     0 | D:1      | Nedwor the Merfolk Gladiator began the quest for the Orb.
     0 | D:1      | Reached XP level 1. HP: 16/16 MP: 1/1
   190 | D:1      | Found a faded altar of an unknown god.
   254 | D:1      | Reached XP level 2. HP: 22/23 MP: 2/2
   882 | D:2      | Reached XP level 3. HP: 18/28 MP: 3/3
  1029 | D:2      | HP: 1/28 [poisoned by a goblin]
  1029 | D:2      | Slain by a goblin

Illustrated notes

Levels and vault maps discovered:
D:1:      denvon_arrival_planthouse, layout_rooms,
          dilly_ecumenical_altar_fadedgnrine, kennysheep_small_spiral,
          minmay_misc_feat_rows
D:2:      layout_rooms, serial_rivers, chequers_serial_rivers_small_a,
          chequers_serial_rivers_micro_c, chequers_serial_rivers_small_3,
          chequers_serial_rivers_small_3, chequers_serial_rivers_micro_d,
          chequers_serial_rivers_micro_c, uniq_robin, uniq_sigmund

Action                   || total
-------------------------++-------
Melee: Trident           ||    58
       Tailslap          ||     2
 Stab: Sleeping          ||     2
Armor: Leather armour    ||    18
Dodge: Dodged            ||    25

Table legend: (Time is in decaauts)
 A = Elapsed time spent in this place.
 B = Non-inter-level travel time spent in this place.
 C = Inter-level travel time spent in this place.
 D = Time resting spent in this place.
 E = Time spent auto-exploring this place.
 F = Levels seen in this place.
 G = Mean time per level.
                   A        B        C        D        E       F      G
               +--------+--------+--------+--------+--------+-----+--------+
         Total |   1033 |   1003 |     30 |      0 |    854 |   2 |  516.5 |
       Dungeon |   1033 |   1003 |     30 |      0 |    854 |   2 |  516.5 |
               +--------+--------+--------+--------+--------+-----+--------+

Top non-repeatable levels by time:
     D:1: 762 daAuts
     D:2: 271 daAuts
